 Dungeon Crawl Stone Soup version 0.16.2-2-g470672f (webtiles) character file.

162 RepoMan the Conjurer (level 5, -7/38 HPs)
             Began as a Ghoul Conjurer on Aug 18, 2015.
             Mangled by an orc warrior
             ... wielding a +0 glaive
              (22 damage)
             ... on level 3 of the Dungeon.
             The game lasted 00:18:37 (2734 turns).

RepoMan the Conjurer (Ghoul Conjurer)               Turns: 2734, Time: 00:18:37

Health: -7/38      AC:  3    Str: 13    XL:     5   Next: 43%
Magic:  3/8        EV: 12    Int: 10    God:
Gold:   100        SH:  0    Dex:  9    Spells: 3 memorised, 2 levels left

rFire  . . .     SeeInvis .     b - +0 mace
rCold  + . .     Clarity  .     a - +0 robe
rNeg   + + +     SustAb   .     (no shield)
rPois  ∞         Gourm    .     (no helmet)
rElec  .         Spirit   .     (no cloak)
rCorr  .         Warding  .     (no gloves)
rMut   .         Stasis   .     g - +0 pair of boots
MR     .....                    (no amulet)
Stlth  ++........               (no ring)
                                (no ring)

@: rotting, not resistant to hostile enchantments, unstealthy
A: rotting body, claws 1, carnivore 3, cold resistance 1, negative energy
resistance 3, poison resistance, slow healing 1, torment resistance, unbreathing
a: no special abilities


You were on level 3 of the Dungeon.
You were not hungry.

You visited 1 branch of the dungeon, and saw 3 of its levels.

You collected 100 gold pieces.

Inventory:

Hand weapons
 b - a +0 mace (weapon)
Missiles
 e - 9 poisoned needles
Armour
 a - a +0 robe (worn)
 g - a +0 pair of boots (worn)
 r - a +0 chain mail
 s - a +0 scale mail
Jewellery
 l - an uncursed ring of protection from magic {unknown}
Magical devices
 u - a wand of cold (6)
Scrolls
 h - a scroll of enchant armour {unknown}
 n - 3 scrolls of magic mapping {unknown}
 o - 3 scrolls of identify {unknown}
 p - a scroll of amnesia {unknown}
 q - a scroll of noise {unknown}
 t - a scroll of teleportation {unknown}
 w - a scroll of remove curse {unknown}
Potions
 d - a potion of mutation {unknown}
 f - 2 potions of resistance {unknown}
 i - a potion of cancellation {unknown}
 j - a potion of haste {unknown}
 m - 2 potions of restore abilities {unknown}
Books
 c - a book of Conjurations

   Spells                             Type                      Level
   a - Magic Dart                     Conjuration                  1
   b - Searing Ray                    Conjuration                  2
   c - Dazzling Spray                 Conjuration/Hexes            3
   d - Fulminant Prism                Conjuration/Hexes            4
   e - Iskenderun's Mystic Blast      Conjuration                  4
   f - Iskenderun's Battlesphere      Conjuration/Charms           5
Comestibles
 k - 3 meat rations
 v - 2 chunks of flesh


   Skills:
 * Level 3.0 Maces & Flails
 + Level 1.6 Armour
 - Level 1.7 Dodging
 - Level 2.1 Stealth
 + Level 2.3 Spellcasting
 + Level 3.7 Conjurations


You had 2 spell levels left.
You knew the following spells:

 Your Spells              Type           Power        Failure   Level  Hunger
a - Magic Dart            Conj           #...         10%         1    ##.....
d - Dazzling Spray        Conj/Hex       #.......     52%         3    ####...
s - Searing Ray           Conj           #.....       12%         2    ###....


Dungeon Overview and Level Annotations

Branches:
Dungeon (3/15)

Altars:
Okawaru


Innate Abilities, Weirdness & Mutations

Your body is rotting away.
You thrive on raw meat.
You have sharp fingernails.
You are carnivorous and can eat meat at any time.
Your flesh is cold resistant.
You are immune to negative energy.
Your system is resistant to poisons.
You heal slowly when monsters are visible.
You are immune to unholy pain and torment.
You can survive without breathing.


Message History

The orc warrior is severely wounded.
The searing ray hits the orc warrior.
The orc warrior is almost dead.
The orc warrior misses you.
You see here a club.
Casting: Searing Ray
Confirm with . or Enter, or press ? or * to list all spells.
Aiming: Magic Dart
Press: ? - help, Shift-Dir - straight line, f/p - orc warrior
Aim: an orc warrior, wielding a glaive and wearing a chain mail (almost dead)
The magic dart hits the orc warrior.
The orc warrior is almost dead.
The orc warrior barely misses you.
The orc warrior hits you with a glaive!!
Ouch! That really hurt!
You hit the orc warrior but do no damage.
The orc warrior is almost dead.
The orc warrior hits you with a glaive!!
Ouch! That really hurt!
You die...

#.# #o#.)......#
#.# .. #####.#
#.#.##.##### ..#
## ....#.#
#.#.##(## ###
....#.####...##..#
###........o...o.#
.......####.####.#
###....#.......#.#
###..#.....o.#.#
#..#.......#@#
#..#).._...o.#
##.#.......#.#
#.#.......#.#
#.#......÷#.#
#.#########.#
#(..........#
#.#.#######.# ####
#...# #.#


You could see an orc warrior and an orc priest.

Vanquished Creatures
  A giant frog zombie (D:3)
  7 adders
  2 worms (D:2)
  A giant gecko (D:1)
  An orc (D:3)
  7 bats
  7 goblins
  4 hobgoblins
  2 jackals (D:1)
  A quokka (D:2)
  4 giant cockroaches
  3 giant newts
  6 kobolds
  10 rats
56 creatures vanquished.

Notes
Turn   | Place    | Note
--------------------------------------------------------------
     0 | D:1      | RepoMan, the Ghoul Conjurer, began the quest for the Orb.
     0 | D:1      | Reached XP level 1. HP: 14/14 MP: 2/2
   334 | D:1      | Reached XP level 2. HP: 17/20 MP: 3/3
   369 | D:1      | Learned a level 2 spell: Searing Ray
   398 | D:1      | Reached skill level 1 in Maces & Flails
   901 | D:2      | Reached skill level 1 in Armour
   901 | D:2      | Reached XP level 3. HP: 24/24 MP: 1/5
  1069 | D:2      | Learned a level 3 spell: Dazzling Spray
  1144 | D:2      | Reached XP level 4. HP: 33/33 MP: 2/6
  2022 | D:3      | Noticed an orc warrior
  2236 | D:3      | Reached XP level 5. HP: 34/37 MP: 6/8
  2689 | D:3      | Found an iron altar of Okawaru.
  2734 | D:3      | Mangled by an orc warrior

Action                   |  1- 3 |  4- 6 || total
-------------------------+-------+-------++-------
Melee: Mace              |    82 |   112 ||   194
 Cast: Magic Dart        |    12 |    25 ||    37
       Searing Ray       |     3 |     6 ||     9
Evoke: Wand              |       |     2 ||     2
 Stab: Sleeping          |       |     1 ||     1
  Eat: Chunk             |    14 |    13 ||    27
